 Dungeon Crawl Stone Soup version 0.23-a0-767-gdc19b93d68 (webtiles) character file.

102 Crom the Chopper (level 4, -7/41 HPs)
             Began as a Hill Orc Monk on Jan 22, 2019.
             Mangled by an ogre
             ... wielding a +0 giant spiked club
              (23 damage)
             ... on level 3 of the Dungeon.
             The game lasted 00:05:13 (2616 turns).

Crom the Chopper (Hill Orc Monk)                    Turns: 2616, Time: 00:05:14

Health: -7/41      AC: 13    Str: 14    XL:     4   Next: 78%
Magic:  4/4        EV:  6    Int: 10    God:
Gold:   142        SH:  3    Dex: 13    Spells: 3/3 levels left

rFire    . . .     SeeInvis .   a - +0 hand axe
rCold    . . .     Gourm    .   o - +0 buckler
rNeg     . . .     Faith    .   i - +0 chain mail
rPois    .         Spirit   .   d - +2 hat
rElec    .         Reflect  .   (no cloak)
rCorr    .         Harm     .   p - +0 pair of gloves
MR       .....                  t - +1 pair of boots
Stlth    ..........             (no amulet)
HPRegen  0.13/turn              (no ring)
MPRegen  0.09/turn              (no ring)

@: no status effects
A: no striking features
a: no special abilities


You were on level 3 of the Dungeon.
You were hungry.

You visited 1 branch of the dungeon, and saw 3 of its levels.

You collected 142 gold pieces.

Inventory:

Hand Weapons
 a - a +0 hand axe (weapon)
Missiles
 j - 4 poisoned needles
 u - 27 stones (quivered)
Armour
 b - a +0 robe
 d - a +2 hat (worn)
   (You found it on level 1 of the Dungeon)
 i - a +0 chain mail (worn)
   (You found it on level 2 of the Dungeon)
 o - a +0 buckler (worn)
   (You found it on level 2 of the Dungeon)
 p - a +0 pair of gloves (worn)
   (You found it on level 2 of the Dungeon)
 t - a +1 pair of boots (worn)
   (You found it on level 2 of the Dungeon)
Scrolls
 f - 3 scrolls of remove curse {unknown}
 g - a scroll of immolation {unknown}
 h - a scroll of blinking {unknown}
 l - a scroll of noise {unknown}
 m - 2 scrolls of amnesia {unknown}
 r - 2 scrolls of enchant armour {unknown}
 v - a scroll of fog {unknown}
 x - 2 scrolls of fear {unknown}
Potions
 c - a potion of heal wounds {@q2}
 k - a potion of mutation {unknown}
 n - a potion of cancellation {unknown}
 q - a potion of flight
 s - a potion of agility
 z - a potion of resistance {unknown}
Comestibles
 e - 5 rations {!d}


   Skills:
 + Level 4.4 Fighting
 * Level 5.7 Axes
 + Level 2.0 Armour
 - Level 2.4 Dodging
 - Level 1.5 Stealth
 + Level 0.8 Shields


You had 3 spell levels left.
You didn't know any spells.
Your spell library was empty.

Dungeon Overview and Level Annotations

Branches:
Dungeon (3/15)

Altars:

Annotations:
D:3 Grinder


Message History

You see here a rat corpse.
Found a fuming blue potion.
No target in view!
z - a fuming blue potion No target in view!
The kobold shouts!
The kobold throws a stone.
The stone hits you but does no damage.
You see here a stone.
The kobold throws a stone.
The stone hits you but does no damage.
You see here a stone.
You closely miss the kobold. The kobold hits you.
You hit the kobold. The kobold closely misses you.
Your shield and chain mail prevent you from hitting the kobold.
The kobold completely misses you.
You slash the kobold!
You kill the kobold!
You see here a kobold corpse.
You see here a stone.
You see here a stone.
You aren't carrying any items that you can evoke.
Unknown command.
Unknown command.
Unknown command.
Unknown command.
Unknown command.
You hit the ogre. The ogre barely misses you.
You hit the ogre. You hit the ogre.
The ogre hits you with a +0 giant spiked club!
You hit the ogre.
The ogre hits you with a +0 giant spiked club!!
* * * LOW HITPOINT WARNING * * *
You see here a rat corpse.
You see here a +0 club.
All of the chunks of flesh in your inventory have rotted away.
A crimson imp comes into view.
The crimson imp shouts!
The crimson imp grinds its teeth.
Your chain mail prevents you from hitting the crimson imp.
You hit the ogre.
The crimson imp hits you but does no damage.
The ogre hits you with a +0 giant spiked club!
* * * LOW HITPOINT WARNING * * *
You block the crimson imp's attack.
The crimson imp blinks!
Found 13 gold pieces.
You are feeling hungry.
The ogre hits you with a +0 giant spiked club!!
Ouch! That really hurt!
You die...

#.#.#.#.#.# #.##.# #
#.#.....#.# #.##.# .
#.###.###.# #.##.##### #
#.# #.# #.# #.......># #
#.###.# #.# ####.###.####
#.#...# #.# #.# #....#
#.#.### #.######.###.....
#.#.#####.#.............#
#......O@.#.###..#####.##
###.#####...# #......#.#
#.# #.#.###.####.#.# #.##
#.#.รท...# #.# #..#
#.###.#.# #.# ##.# #.#
#.#.# #.## #.# #.#
#.#)...#.#..# #.# #.#
#.####....... #.# #. ...
###.##.#


You could see an ogre.

Vanquished Creatures
  3 adders (D:2)
  An ooze (D:3)
  2 dart slugs
  A leopard gecko (D:1)
  An orc (D:3)
  6 giant cockroaches
  10 goblins
  6 hobgoblins
  4 jackals (D:3)
  12 kobolds
  2 quokkas
  2 ball pythons
  2 bats
  3 frilled lizards
  3 rats
58 creatures vanquished.

Notes
Turn   | Place    | Note
-------+----------+-------------------------------------------
     0 | D:1      | Crom the Hill Orc Monk began the quest for the Orb.
     0 | D:1      | Reached XP level 1. HP: 19/19 MP: 1/1
   199 | D:1      | Reached XP level 2. HP: 27/27 MP: 2/2
   260 | D:1      | Reached skill level 1 in Armour
   473 | D:1      | Reached XP level 3. HP: 31/33 MP: 3/3
   803 | D:2      | Reached skill level 5 in Axes
  1414 | D:2      | Reached XP level 4. HP: 30/40 MP: 4/4
  2051 | D:3      | Noticed Grinder
  2134 | D:3      | Noticed an ogre
  2616 | D:3      | Mangled by an ogre

Vault maps used:
D:1:      minmay_arrival_wavy_path
D:2:      nrook_mini_backslash
D:3:      uniq_grinder

Skill      XL: |  1  2  3  4 |
---------------+-------------+-----
Armour         | 1 2 |  2.0
Fighting       | 4 |  4.4
Axes           | 5 |  5.7
Dodging        | |  2.4
Stealth        | |  1.5
Shields        | |  0.8

Action                   |  1- 3 |  4- 6 || total
-------------------------+-------+-------++-------
Melee: Hand axe          |   119 |    86 ||   205
Throw: Stone             |     5 |     4 ||     9
  Use: Scroll            |       |     3 ||     3
 Stab: Sleeping          |     7 |     1 ||     8
  Eat: Chunk             |     1 |     4 ||     5
Armor: Robe              |    15 |     4 ||    19
       Chain mail        |       |    40 ||    40
Dodge: Dodged            |    72 |    26 ||    98
Block: Buckler           |       |    11 ||    11

Table legend:
 A = Non-vault XP
 B = Vault XP
 C = Vault XP percentage of total XP
 D = Non-vault monster count
 E = Vault monster count
 F = Vault count percentage of total count
                 A         B        C        D         E       F
            +---------+---------+-------+---------+---------+-------
      Total |     147 |       0 |   0.0 |      58 |       0 |   0.0
            +---------+---------+-------+---------+---------+-------
        D:1 |      47 |       0 |   0.0 |      24 |       0 |   0.0
        D:2 |      71 |       0 |   0.0 |      21 |       0 |   0.0
        D:3 |      29 |       0 |   0.0 |      13 |       0 |   0.0
            +---------+---------+-------+---------+---------+-------
